Map: Last Remnant

Players

Crotchrocket - Winner!

  • Race: Protoss Protoss
  • Spawn Location: 12:00

FrankyBoy - Winner!

  • Race: Zerg Zerg
  • League: Platinum
  • Spawn Location: 1:00

Infamous - Winner!

  • Race: Protoss Protoss
  • League: Silver
  • Spawn Location: 12:00

cannon - Winner!

  • Race: Terran Terran
  • Spawn Location: 3:00

mavannis

  • Race: Protoss Protoss
  • Spawn Location: 9:00

salcedo

  • Race: Terran Terran
  • Spawn Location: 6:00

Pillow

  • Race: Zerg Zerg
  • League: Platinum
  • Spawn Location: 6:00

Gonadus

  • Race: Terran Terran
  • Spawn Location: 7:00

VOD

Have the link to the VOD?

Description

Time

  • Played on: March 22, 2018, 9:28 a.m.
  • Length: 18:36
Show
View Real Time Build Order
Export as new Build Order

Crotchrocket Protoss - Winner!

Build Orders:  

Get SALT Encoding   

  12  0:13  Pylon  
  12  0:15  Probe (Chrono Boost)  
  13  0:35  Forge  
  13  1:08  Gateway  
  13  1:22  Assimilator  
  13  1:27  Assimilator  
  13  1:28  Probe (Chrono Boost)  
  14  1:39  Probe (Chrono Boost)  
  15  1:43  Probe (Chrono Boost)  
  16  1:55  Probe  
  16  2:00  Cybernetics Core  
  17  2:07  Probe  
  18  2:09  Pylon  
  18  2:19  Probe  
  19  2:31  Probe  
  20  2:41  Photon Cannon  
  20  2:46  Photon Cannon  
  20  2:50  Pylon  
  20  2:51  Probe (Chrono Boost)  
  20  2:53  Pylon  
  20  3:01  Probe (Chrono Boost)  
  21  3:05  Probe (Chrono Boost)  
  22  3:15  Stargate  
  22  3:29  Protoss Air Weapons Level 1  
  22  3:31  Protoss Shields Level 1  
  22  3:58  Nexus  
  22  4:11  Void Ray (Chrono Boost)  
  26  4:24  Pylon  
  26  4:43  Photon Cannon  
  26  4:44  Photon Cannon  
  26  5:28  Photon Cannon  
  26  5:32  Photon Cannon  
  26  5:53  Void Ray  
  30  6:27  Stargate  
  30  6:29  Probe  
  31  6:41  Probe  
  32  6:48  Void Ray (Chrono Boost)  
  32  6:53  Probe  
  37  6:56  Protoss Air Armor Level 1  
  37  7:05  Probe  
  37  7:06  Pylon  
  38  7:08  Pylon  
  38  7:11  Pylon  
  35  7:17  Probe  
  36  7:26  Pylon  
  36  7:30  Pylon  
  36  7:32  Void Ray x2  
  44  7:43  Probe (Chrono Boost)  
  45  7:53  Probe (Chrono Boost)  
  45  7:58  Probe (Chrono Boost)  
  46  8:00  Photon Cannon  
  47  8:08  Photon Cannon  
  47  8:09  Probe (Chrono Boost)  
  48  8:19  Probe (Chrono Boost)  
  49  8:24  Probe (Chrono Boost)  
  50  8:31  Void Ray (Chrono Boost)  
  54  8:35  Probe  
  55  8:47  Assimilator  
  55  8:48  Probe  
  56  8:51  Assimilator, Void Ray (Chrono Boost)  
  60  9:34  Void Ray x2 (Chrono Boost)  
  68  9:48  Fleet Beacon  
  68  10:14  Stargate  
  68  10:15  Stargate  
  68  10:16  Probe (Chrono Boost)  
  69  10:26  Probe (Chrono Boost)  
  70  10:31  Probe (Chrono Boost)  
  71  10:36  Nexus  
  71  10:42  Probe  
  72  11:11  Carrier  
  72  11:12  Carrier  
  84  11:46  Probe (Chrono Boost)  
  85  11:56  Probe (Chrono Boost)  
  86  12:01  Probe (Chrono Boost)  
  87  12:10  Carrier  
  87  12:13  Probe  
  87  12:15  Graviton Catapult (Chrono Boost)  
  94  12:25  Probe x2  
  96  12:35  Pylon  
  96  12:36  Pylon  
  96  12:37  Pylon x2, Probe  
  96  12:38  Carrier  
  96  12:39  Pylon x2  
  96  12:43  Pylon  
  103  12:45  Pylon  
  103  12:49  Probe (Chrono Boost)  
  104  12:55  Assimilator  
  104  12:59  Assimilator  
  104  13:01  Probe (Chrono Boost)  
  105  13:07  Probe (Chrono Boost)  
  106  13:15  Probe  
  107  13:28  Probe  
  72  14:21  Carrier  
  72  14:22  Carrier x3  
  96  14:34  Probe (Chrono Boost)  
  97  14:39  Protoss Air Weapons Level 2  
  97  14:45  Probe (Chrono Boost)  
  98  14:50  Probe (Chrono Boost)  
  98  14:52  Cybernetics Core  
  99  15:44  Carrier x2 (Chrono Boost)  
  99  15:45  Carrier x2 (Chrono Boost)  
  123  15:56  Probe (Chrono Boost)  
  124  16:06  Probe (Chrono Boost)  
  125  16:11  Probe (Chrono Boost)  
  125  16:15  Stargate  
  126  17:00  Pylon  
  126  17:04  Pylon  
  126  17:07  Pylon  
Show
View Real Time Build Order
Export as new Build Order

FrankyBoy Zerg - Winner!

Build Orders: Hatch First 

Get SALT Encoding   

  12  0:12  Drone x2  
  14  0:17  Overlord  
  14  0:36  Drone x2  
  16  0:55  Hatchery  
  15  0:59  Drone x2  
  17  1:15  Spawning Pool  
  16  1:19  Drone  
  17  1:25  Overlord  
  17  1:29  Drone  
  18  1:52  Hatchery  
  17  1:57  Drone x2  
  19  2:04  Queen  
  21  2:16  Queen  
  21  2:21  Drone  
  24  2:24  Drone  
  25  2:31  Drone x3  
  25  2:34  Drone  
  29  2:39  Overlord  
  29  2:46  Extractor  
  29  2:49  Drone x2  
  30  3:00  Drone  
  30  3:02  Overlord  
  31  3:07  Queen  
  31  3:08  Drone x3  
  36  3:13  Drone x2  
  36  3:18  Extractor  
  36  3:19  Drone  
  38  3:21  Drone  
  38  3:25  Drone x2  
  41  3:35  Extractor  
  41  3:36  Extractor, Drone x3  
  41  3:38  Drone x2  
  41  3:39  Overlord  
  44  3:49  Drone x7  
  44  3:51  Lair  
  44  3:55  Overlord  
  51  4:12  Extractor  
  51  4:13  Drone x2, Extractor  
  51  4:14  Drone x3  
  51  4:15  Drone x2  
  51  4:16  Drone x3  
  59  4:20  Overlord  
  59  4:26  Drone  
  59  4:27  Drone x4  
  64  4:59  Drone x2  
  66  5:00  Spire, Overlord x4  
  66  5:01  Overlord  
  66  5:02  Spire  
  64  5:13  Overlord x4  
  64  5:26  Zergling x12  
  64  5:27  Zergling x16  
  78  6:04  Overlord x3  
  78  6:05  Overlord x2  
  77  6:42  Queen  
  77  6:43  Drone  
  77  6:44  Hatchery  
  77  6:46  Zerg Flyer Weapons Level 1, Zerg Flyer Armor Level 1  
  79  6:48  Overlord  
  79  6:52  Mutalisk  
  79  6:53  Mutalisk x16  
  79  6:54  Mutalisk  
  113  7:37  Mutalisk  
  113  7:38  Mutalisk x7  
  129  7:47  Hatchery  
  128  7:53  Hatchery  
  127  8:00  Mutalisk x4  
  135  8:10  Metabolic Boost  
  135  8:11  Evolution Chamber  
  135  8:12  Evolution Chamber  
  133  8:15  Infestation Pit  
  132  8:40  Zerg Flyer Weapons Level 2  
  132  8:41  Zerg Flyer Armor Level 2  
  132  8:44  Zerg Ground Armor Level 1  
  132  9:00  Queen  
  134  9:05  Zerg Melee Weapons Level 1  
  134  9:07  Queen  
  136  9:12  Extractor  
  136  9:15  Extractor x2  
  131  9:18  Extractor  
  126  9:37  Hive  
  126  9:55  Drone  
  126  9:56  Drone x3  
  126  9:57  Drone x3  
  129  10:12  Zergling x12  
  129  10:13  Zergling x28  
  129  10:14  Zergling x28  
  155  10:15  Zergling x20  
  173  10:23  Drone x3  
  176  10:30  Baneling Nest  
  169  10:47  Unknown  
  164  10:58  Zerg Flyer Weapons Level 3  
  164  11:00  Zerg Flyer Armor Level 3  
  157  11:18  Queen  
  157  11:20  Drone x2  
  157  11:22  Drone  
  157  11:23  Drone x2  
  157  11:24  Centrifical Hooks  
  164  11:26  Zerg Ground Armor Level 2, Zerg Melee Weapons Level 2  
  164  11:36  Baneling x2  
  164  11:37  Baneling x13  
  164  11:38  Baneling, Mutalisk  
  164  11:39  Mutalisk x10  
  174  11:40  Mutalisk x4  
  174  11:42  Zergling x4  
  174  11:43  Zergling x4  
  132  12:22  Corruptor  
  132  12:23  Corruptor x7  
  132  12:24  Corruptor x3  
  152  12:38  Zergling x2  
  152  12:39  Zergling x16  
  152  12:40  Zergling x4  
  152  12:43  Corruptor x2  
  152  12:44  Corruptor x3  
  165  12:45  Corruptor  
  160  13:12  Zergling x2  
  160  13:13  Zergling x6  
  160  13:14  Zergling x12  
  160  13:15  Corruptor x2  
  160  13:16  Corruptor x6  
  180  13:24  Zergling x2  
  180  13:25  Zergling x8  
  150  14:17  Mutalisk x5  
  146  14:18  Mutalisk x8  
  142  14:52  Drone x5  
  130  15:16  Overseer x4  
  118  15:47  Mutalisk x5  
  118  15:48  Mutalisk x10  
  146  16:01  Drone  
  146  16:02  Drone x2  
  146  16:03  Drone x3  
  152  16:06  Drone  
  138  16:52  Drone x3  
  141  16:55  Drone x5  
  141  16:56  Overlord  
  138  17:54  Drone x2  
  138  17:56  Drone  
  142  18:05  Drone x2  
  142  18:06  Drone x3  
Show
View Real Time Build Order
Export as new Build Order

Infamous Protoss - Winner!

Build Orders:  

Get SALT Encoding   

  12  0:01  Probe  
  13  0:13  Probe  
  14  0:26  Pylon  
  14  0:27  Probe  
  15  0:44  Probe (Chrono Boost)  
  15  0:45  Gateway  
  16  0:56  Probe (Chrono Boost)  
  17  1:01  Probe (Chrono Boost)  
  17  1:02  Assimilator  
  18  1:11  Probe  
  19  1:25  Probe  
  20  1:33  Cybernetics Core  
  20  1:35  Pylon  
  20  1:37  Probe (Chrono Boost)  
  20  1:39  Assimilator  
  22  1:48  Probe (Chrono Boost)  
  22  1:53  Probe (Chrono Boost)  
  23  2:04  Probe  
  24  2:10  Warp Gate (Chrono Boost)  
  24  2:12  Stalker  
  26  2:16  Probe  
  27  2:24  Robotics Facility  
  27  2:36  Pylon  
  27  2:48  Probe  
  28  2:56  Gateway  
  28  3:00  Sentry  
  28  3:01  Probe  
  31  3:17  Observer (Chrono Boost)  
  31  3:18  Nexus  
  31  3:19  Probe  
  32  3:20  Pylon  
  32  3:40  Probe  
  32  3:41  Forge  
  33  3:52  Probe  
  33  3:53  Immortal (Chrono Boost)  
  38  3:59  Zealot  
  40  4:08  Probe  
  41  4:10  Robotics Bay  
  41  4:20  Probe (Chrono Boost)  
  42  4:25  Pylon  
  43  4:33  Probe (Chrono Boost)  
  43  4:34  Probe (Chrono Boost)  
  44  4:44  Probe (Chrono Boost), Robotics Facility  
  45  4:48  Immortal  
  45  4:52  Protoss Ground Weapons Level 1 (Chrono Boost)  
  49  4:56  Probe x2  
  51  5:06  Assimilator  
  51  5:14  Assimilator  
  49  5:27  Photon Cannon  
  49  5:30  Photon Cannon  
  49  5:33  Photon Cannon  
  48  5:45  Photon Cannon  
  48  5:46  Shield Battery  
  48  5:59  Photon Cannon  
  48  6:01  Shield Battery  
  48  6:08  Photon Cannon  
  48  6:15  Probe x2  
  50  6:19  Stalker  
  52  6:27  Probe (Chrono Boost)  
  52  6:28  Probe (Chrono Boost)  
  54  6:39  Probe (Chrono Boost)  
  56  6:40  Probe (Chrono Boost)  
  56  6:43  Colossus (Chrono Boost)  
  62  7:06  Twilight Council  
  58  7:10  Photon Cannon  
  58  7:11  Zealot  
  58  7:12  Pylon  
  60  7:27  Stalker, Cybernetics Core  
  65  7:40  Disruptor (Chrono Boost)  
  65  7:42  Probe x2  
  67  7:46  Protoss Ground Armor Level 1 (Chrono Boost)  
  67  7:47  Pylon  
  67  7:55  Probe (Chrono Boost)  
  69  8:01  Probe (Chrono Boost)  
  69  8:07  Probe (Chrono Boost)  
  70  8:14  Colossus  
  76  8:20  Sentry x2  
  80  8:36  Gateway  
  80  8:45  Probe (Chrono Boost)  
  80  8:46  Probe (Chrono Boost), Gateway  
  80  8:47  Gateway  
  82  8:55  Probe (Chrono Boost)  
  83  9:26  Sentry  
  85  9:33  Probe  
  86  9:43  Pylon  
  86  9:45  Pylon  
  86  9:59  Gateway  
  86  10:00  Gateway, Extended Thermal Lance (Chrono Boost)  
  86  10:01  Colossus, Probe x2, Charge  
  86  10:02  Colossus  
  86  10:04  Protoss Ground Armor Level 2 (Chrono Boost)  
  96  10:13  Forge  
  96  10:14  Zealot x2  
  96  10:16  Sentry  
  100  10:42  Stalker  
  100  10:47  Sentry x4  
  90  10:54  Probe x2  
  90  10:56  Observer (Chrono Boost)  
  93  11:06  Probe  
  94  11:47  Protoss Ground Weapons Level 2 (Chrono Boost)  
  94  11:57  Probe, Observer  
  94  11:58  Probe  
  93  12:07  Pylon  
  83  12:09  Probe  
  83  12:10  Probe  
  83  12:13  Stalker x4  
  83  12:14  Pylon  
  93  12:22  Probe  
  63  12:41  Templar Archives  
  45  12:45  Stalker  
  45  12:46  Stalker x3  
  49  12:55  Pylon  
  48  13:22  High Templar x2  
  48  13:23  High Templar x4  
  60  13:39  Archon x3  
  60  13:42  Stalker  
  62  14:11  High Templar  
  62  14:12  High Templar x2  
  46  14:51  Archon  
  40  15:07  Zealot x3  
  40  15:08  Zealot x4  
  40  15:14  Observer  
  55  15:15  Observer  
  56  15:29  High Templar x2  
  56  15:30  High Templar x2  
  64  15:55  Stalker x3  
  70  16:03  Colossus (Chrono Boost)  
  76  16:15  Stalker x2  
  80  16:34  Stalker x2  
  80  16:35  Stalker x3  
  90  16:51  Sentry  
  92  17:03  Sentry  
  92  17:04  Sentry  
  96  17:17  Archon  
  96  17:18  Archon  
  96  17:22  Sentry x2  
  100  18:00  Stalker  
  100  18:01  Stalker x4  
  100  18:02  Sentry  
Show
View Real Time Build Order
Export as new Build Order

cannon Terran - Winner!

Build Orders:  

Get SALT Encoding   

  12  1:11  SCV  
  13  1:22  Supply Depot  
  13  1:23  Supply Depot, SCV  
  14  1:28  Refinery  
  14  1:35  SCV  
  14  1:36  Engineering Bay  
  15  1:47  SCV  
  15  1:52  Refinery  
  16  2:00  SCV  
  17  2:05  Barracks x2  
  17  2:12  SCV  
  18  2:24  SCV  
  19  2:33  Terran Infantry Weapons Level 1  
  19  2:36  SCV  
  20  2:48  SCV  
  21  2:57  Missile Turret  
  21  2:58  Missile Turret  
  21  3:00  SCV  
  21  3:01  Missile Turret  
  21  3:04  Barracks Reactor  
  22  3:07  Barracks Tech Lab  
  22  3:26  Planetary Fortress  
  22  3:39  Supply Depot  
  22  3:42  Supply Depot  
  22  3:44  Combat Shields  
  22  3:47  Marine  
  23  4:10  SCV  
  23  4:15  Marine x2  
  26  4:22  SCV  
  27  4:27  Terran Infantry Armor Level 1  
  27  4:34  SCV  
  27  4:46  Marine x3, SCV  
  31  4:58  SCV  
  32  5:04  Marine x3  
  35  5:11  SCV  
  36  5:21  Marine  
  36  5:22  Marine x2  
  39  5:39  Marine x2  
  39  5:40  Marine, Command Center  
  42  5:57  Marine x3  
  45  6:15  Marine x2  
  47  6:51  Marine x2  
  49  7:34  SCV  
  50  7:38  Planetary Fortress  
  50  7:43  Refinery  
  50  7:46  SCV  
  50  7:47  Refinery  
  51  7:58  SCV  
  52  8:01  Supply Depot  
  52  8:02  Supply Depot  
  52  8:07  Hi-Sec Auto Tracking  
  52  8:10  SCV  
  52  8:11  Marine x3  
  56  8:22  SCV  
  56  8:26  Supply Depot  
  57  8:27  Supply Depot  
  57  8:29  Marine x3  
  60  8:34  SCV  
  60  8:38  Stimpack  
  61  8:44  SCV  
  61  8:47  Marine x3  
  65  8:49  Supply Depot  
  65  8:56  SCV  
  66  9:03  Neosteel Frame  
  66  9:04  Marine  
  66  9:05  Marine x2  
  66  9:08  SCV  
  70  9:20  SCV  
  70  9:22  Marine x2  
  70  9:23  Marine  
  74  9:32  SCV  
  75  9:40  Marine x3  
  78  9:56  SCV  
  78  9:58  Marine  
  80  10:02  Missile Turret  
  80  10:05  Missile Turret  
  80  10:06  Missile Turret x2  
  80  10:08  SCV  
  81  10:20  SCV  
  82  10:22  Building Armor  
  82  10:24  Missile Turret  
  82  10:27  Missile Turret  
  82  10:28  Missile Turret x2  
  82  10:32  SCV  
  83  10:44  SCV  
  83  10:46  Missile Turret  
  83  10:48  Missile Turret  
  76  11:23  Marine x3  
  79  11:26  Command Center  
  79  11:40  Marine  
  79  11:41  Marine x2  
  81  11:58  Marine x2  
  81  11:59  Marine  
  77  12:16  Marine x3  
  51  12:34  Marine x3  
  54  12:40  Barracks  
  54  12:42  Barracks  
  54  12:46  Barracks x2  
  54  12:52  Marine x3  
  54  12:56  Missile Turret x2  
  57  13:02  Missile Turret  
  56  13:09  Marine  
  56  13:10  Marine x2  
  59  13:14  Missile Turret  
  59  13:17  Missile Turret  
  59  13:22  Missile Turret  
  59  13:27  Marine x2  
  59  13:28  Marine  
  62  13:34  Missile Turret  
  62  13:37  Missile Turret  
  62  13:45  Marine x3  
  62  13:46  Missile Turret  
  65  13:56  Missile Turret  
  65  13:59  Missile Turret  
  65  14:03  Marine x3  
  65  14:05  Command Center  
  68  14:21  Marine, Barracks Reactor x4  
  69  14:26  Marine x2  
  71  14:35  SCV  
  72  14:39  Marine  
  72  14:43  Supply Depot, Marine  
  72  14:44  Marine  
  75  14:46  Supply Depot  
  75  14:47  SCV  
  76  14:57  Marine  
  76  14:59  SCV  
  78  15:01  Marine x2  
  78  15:04  Marine x2  
  78  15:05  Marine x2  
  84  15:07  Missile Turret  
  84  15:08  Marine  
  84  15:10  Missile Turret  
  84  15:11  SCV  
  86  15:14  Marine  
  86  15:19  Marine x2  
  89  15:23  SCV  
  90  15:29  Missile Turret  
  90  15:31  Missile Turret  
  90  15:32  Marine  
  91  15:52  Missile Turret  
  91  15:53  Missile Turret  
  91  16:30  Planetary Fortress  
  91  16:34  Refinery  
  91  16:39  Refinery  
  91  16:42  Missile Turret  
  91  16:44  Missile Turret  
  91  17:03  Missile Turret  
  72  17:25  Missile Turret  
  59  17:47  Missile Turret  
  56  17:54  Marine x3  
  56  17:55  Marine x5  
  56  17:56  Marine x3  
  67  18:06  Missile Turret  
  67  18:12  Marine x4  
  61  18:13  Marine x5  
  61  18:14  Marine x2  
Show
View Real Time Build Order
Export as new Build Order

mavannis Protoss 

Build Orders:  

Get SALT Encoding   

  12  0:05  Probe  
  13  0:24  Pylon  
  13  0:38  Probe (Chrono Boost)  
  14  0:45  Gateway  
  15  0:50  Probe (Chrono Boost)  
  15  1:08  Pylon  
  15  1:14  Assimilator  
  15  1:18  Assimilator  
  15  1:22  Probe (Chrono Boost)  
  16  1:32  Probe (Chrono Boost)  
  17  1:42  Probe  
  17  1:44  Cybernetics Core  
  18  1:55  Probe (Chrono Boost)  
  19  2:07  Probe (Chrono Boost)  
  20  2:14  Probe (Chrono Boost)  
  21  2:21  Probe  
  22  2:24  Stargate  
  22  2:34  Probe  
  23  2:39  Nexus  
  23  2:46  Probe  
  23  2:47  Assimilator  
  24  2:52  Assimilator  
  24  3:08  Void Ray  
  28  3:23  Pylon  
  28  3:39  Pylon  
  28  3:45  Probe (Chrono Boost)  
  28  3:47  Protoss Air Weapons Level 1  
  29  3:51  Stargate  
  29  3:52  Probe (Chrono Boost)  
  30  3:59  Pylon  
  30  4:03  Void Ray  
  35  4:19  Probe (Chrono Boost)  
  35  4:27  Probe (Chrono Boost), Pylon  
  36  4:32  Probe (Chrono Boost)  
  37  4:43  Probe  
  38  4:55  Probe (Chrono Boost)  
  38  4:58  Void Ray  
  38  4:59  Void Ray  
  47  5:13  Probe (Chrono Boost)  
  48  5:20  Probe (Chrono Boost)  
  49  5:31  Probe (Chrono Boost)  
  50  5:36  Probe (Chrono Boost)  
  50  5:42  Stargate  
  51  5:44  Stargate  
  51  5:45  Probe  
  51  5:49  Pylon  
  52  5:57  Probe (Chrono Boost)  
  53  6:09  Probe (Chrono Boost), Void Ray  
  58  6:11  Protoss Air Armor Level 1  
  58  6:13  Probe (Chrono Boost)  
  59  6:19  Forge  
  59  6:24  Probe  
  60  6:29  Pylon  
  60  6:36  Probe  
  60  6:38  Pylon  
  61  6:42  Void Ray  
  61  6:43  Void Ray  
  69  7:00  Nexus  
  70  7:01  Probe (Chrono Boost)  
  70  7:07  Probe (Chrono Boost)  
  71  7:09  Void Ray  
  71  7:15  Probe  
  75  7:16  Protoss Shields Level 1  
  76  7:27  Probe  
  77  7:35  Assimilator  
  77  7:39  Probe, Assimilator  
  77  7:42  Pylon  
  78  7:45  Pylon  
  78  7:47  Pylon  
  78  7:51  Pylon, Probe  
  78  7:54  Pylon  
  78  7:56  Pylon  
  79  8:04  Probe (Chrono Boost)  
  80  8:13  Probe (Chrono Boost)  
  82  8:22  Probe (Chrono Boost)  
  82  8:23  Probe (Chrono Boost)  
  83  8:28  Probe (Chrono Boost)  
  83  8:29  Fleet Beacon  
  83  8:31  Robotics Facility  
  83  8:34  Twilight Council  
  85  8:44  Void Ray  
  85  8:45  Probe (Chrono Boost), Void Ray x2  
  97  8:52  Probe (Chrono Boost)  
  98  8:56  Void Ray  
  102  9:04  Probe (Chrono Boost)  
  103  9:16  Probe (Chrono Boost)  
  104  9:23  Probe (Chrono Boost)  
  105  9:29  Stargate  
  105  9:30  Probe  
  105  9:35  Stargate  
  106  9:42  Probe  
  107  9:46  Pylon, Cybernetics Core  
  107  9:48  Pylon  
  107  9:50  Pylon  
  107  9:52  Pylon  
  108  10:07  Mothership (Chrono Boost)  
  108  10:08  Probe (Chrono Boost)  
  117  10:22  Protoss Air Weapons Level 2  
  117  10:23  Probe (Chrono Boost)  
  117  10:24  Protoss Air Armor Level 2  
  117  10:30  Probe  
  119  10:47  Probe (Chrono Boost)  
  119  10:48  Protoss Shields Level 2  
  119  10:54  Void Ray  
  119  10:55  Void Ray  
  128  10:57  Probe (Chrono Boost)  
  128  11:06  Void Ray  
  132  11:26  Void Ray  
  132  11:28  Void Ray  
  132  11:31  Void Ray  
  144  11:42  Void Ray  
  148  11:51  Void Ray  
  84  13:10  Void Ray x4  
  84  13:11  Void Ray x2  
  87  13:53  Void Ray  
Show
View Real Time Build Order
Export as new Build Order

salcedo Terran 

Build Orders:  

Get SALT Encoding   

  12  0:26  Supply Depot  
  12  0:27  Supply Depot  
  12  0:35  SCV  
  13  0:47  SCV  
  14  1:01  Supply Depot  
  14  1:02  Supply Depot  
  14  1:09  Supply Depot  
  14  1:20  Barracks  
  14  1:24  Refinery  
  14  1:29  Refinery  
  14  2:12  Bunker  
  14  2:15  Engineering Bay  
  14  2:16  SCV  
  15  2:28  SCV  
  16  2:40  SCV  
  17  2:50  Marine  
  18  2:56  Factory  
  18  3:00  SCV  
  19  3:07  Marine  
  20  3:25  Marine  
  21  3:37  Sensor Tower  
  21  3:38  SCV  
  22  3:42  Factory Tech Lab  
  22  3:43  Marine  
  23  3:59  Armory  
  23  4:16  Marine  
  24  4:34  Marine  
  25  4:48  Command Center  
  25  5:15  SCV  
  25  5:17  Missile Turret  
  26  5:27  SCV  
  27  5:38  Missile Turret  
  27  5:44  Barracks Reactor  
  27  5:55  Ghost Academy  
  27  6:09  Terran Vehicle And Ship Armor Level 1  
  27  6:13  Orbital Command  
  27  6:20  SCV  
  27  6:24  Ghost Academy  
  28  6:32  SCV  
  29  6:44  SCV  
  30  6:52  Barracks  
  30  6:55  Barracks  
  30  6:56  SCV  
  30  7:00  Refinery  
  31  7:06  Refinery  
  32  7:08  SCV  
  32  7:20  SCV  
  33  7:27  Personal Cloaking  
  33  7:29  Nuke  
  33  7:45  Barracks Tech Lab x2  
  33  7:54  SCV  
  34  8:01  Sensor Tower  
  34  8:06  SCV  
  34  8:10  Supply Depot  
  35  8:18  SCV  
  36  8:30  SCV  
  36  8:33  Supply Depot  
  37  8:42  SCV, Ghost x2  
  42  8:53  Nuke  
  42  8:54  SCV  
  43  9:11  Ghost x2  
  47  9:39  Ghost  
  47  9:43  Orbital Command  
  47  9:45  Supply Depot  
  49  10:00  Siege Tank  
  49  10:02  Marine  
  49  10:03  Marine x2  
  55  10:08  Marine  
  55  10:09  Supply Depot  
  56  10:20  Marine  
  56  10:21  Marine x2  
  59  10:26  Marine  
  60  10:32  Siege Tank  
  61  11:04  Siege Tank  
  64  11:20  Nuke x2  
  64  11:23  Ghost x2  
  68  11:37  Siege Tank  
  71  12:09  Siege Tank  
  59  12:41  Siege Tank  
  60  12:49  Ghost x2  
  55  13:17  Ghost x2  
  60  13:26  Thor  
  63  13:46  Ghost x2  
  51  14:08  Thor  
  51  14:14  Ghost  
  47  14:20  Nuke  
  47  14:21  Nuke  
  43  14:28  Marine  
  43  14:31  Marine x2  
  42  14:43  Marine  
  43  14:45  Marine  
  43  14:49  Marine x2  
  43  14:51  Thor  
  52  15:01  Ghost  
  52  15:03  Ghost  
  56  15:34  Thor  
  62  15:36  Missile Turret  
  62  15:42  Ghost x2  
  66  15:56  Missile Turret  
  66  16:16  Missile Turret  
  66  16:17  Thor  
  62  16:55  SCV  
  62  17:00  Nuke x2, Thor  
  69  17:07  SCV  
  68  17:20  SCV  
Show
View Real Time Build Order
Export as new Build Order

Pillow Zerg 

Build Orders: Pool First, Lurkers 

Get SALT Encoding   

  12  0:01  Drone  
  13  0:08  Drone  
  14  0:26  Spawning Pool  
  13  0:31  Drone  
  14  0:37  Overlord  
  14  1:04  Hatchery  
  13  1:06  Drone  
  13  1:08  Extractor  
  13  1:20  Queen  
  15  1:26  Drone  
  15  1:32  Drone  
  17  1:46  Drone x2  
  19  1:51  Drone  
  20  2:02  Drone  
  20  2:06  Extractor  
  20  2:08  Queen  
  22  2:17  Queen  
  24  2:36  Drone x4  
  28  2:47  Metabolic Boost  
  28  3:08  Overlord x3  
  28  3:29  Zergling x12  
  28  3:30  Zergling x2  
  28  3:33  Drone  
  36  3:37  Drone  
  37  3:46  Drone  
  37  3:47  Drone  
  39  3:50  Drone x2  
  41  3:57  Drone  
  41  3:58  Drone  
  43  4:03  Drone  
  43  4:04  Drone  
  45  4:14  Drone x4  
  49  4:18  Extractor  
  49  4:19  Drone  
  49  4:27  Baneling Nest  
  48  4:51  Lair  
  48  4:53  Drone  
  48  4:54  Drone x3  
  48  4:55  Overlord x3  
  48  4:56  Overlord  
  52  5:09  Evolution Chamber x2  
  50  5:25  Zergling x2  
  50  5:26  Zergling x16  
  54  5:45  Zerg Ground Armor Level 1, Zerg Melee Weapons Level 1  
  53  5:55  Hydralisk Den  
  51  6:12  Hatchery  
  50  6:26  Hydralisk x11  
  72  6:39  Muscular Augments  
  72  6:40  Nydus Network  
  71  6:49  Drone x5  
  71  6:50  Evolution Chamber  
  71  6:53  Extractor  
  66  7:17  Drone x5  
  66  7:18  Drone x3  
  66  7:21  Zerg Missile Weapons Level 1  
  73  7:24  Drone  
  75  7:30  Drone x3  
  75  7:32  Pneumatized Carapace  
  77  7:43  Drone x3  
  80  7:53  Drone x4  
  80  7:54  Drone x2  
  86  8:00  Infestation Pit  
  86  8:03  Hydralisk x2  
  89  8:10  Zergling x2  
  89  8:11  Overlord x5  
  90  8:16  Zerg Melee Weapons Level 2  
  90  8:25  Extractor  
  90  8:27  Extractor  
  88  8:28  Zerg Ground Armor Level 2  
  88  8:33  Zergling x2  
  88  8:34  Zergling x22  
  100  8:45  Drone  
  100  8:46  Drone x2  
  103  8:57  Hydralisk  
  103  8:58  Hydralisk x7  
  119  9:18  Hydralisk  
  119  9:19  Hydralisk x4  
  129  9:29  Nydus Canal  
  129  9:53  Hive  
  129  9:54  Lurker Den  
  128  10:04  Zerg Missile Weapons Level 2  
  128  10:18  Nydus Canal  
  128  10:21  Overseer  
  128  10:25  Drone  
  128  10:26  Drone  
  128  10:27  Overlord x3  
  130  10:33  Overseer x3  
  95  11:03  Zergling x20  
  75  11:10  Hydralisk  
  77  11:37  Zergling x2  
  77  11:38  Zergling x14  
  83  11:58  Adrenal Glands  
  81  12:06  Hydralisk  
  81  12:07  Hydralisk x6  
  89  12:09  Hydralisk x2  
  91  12:17  Hydralisk x5  
  91  12:18  Hydralisk x4  
  108  12:25  Hydralisk  
  107  12:36  Hydralisk x3  
  109  12:39  Zerg Melee Weapons Level 3, Zerg Missile Weapons Level 3  
  109  12:40  Zerg Ground Armor Level 3  
  109  12:41  Zergling x2  
  109  12:42  Zergling x12  
  109  12:44  Zergling x6  
  119  12:52  Zergling x2  
  120  13:03  Zergling x2  
  120  13:04  Zergling x2  
  122  13:06  Overlord x6  
  122  13:09  Grooved Spines  
  122  13:10  Adaptive Talons  
  122  13:25  Lurker  
  122  13:26  Lurker x2  
  122  13:27  Lurker  
  126  13:34  Zergling x2  
  126  13:35  Zergling x16  
  121  13:57  Hydralisk x4  
  121  13:58  Hydralisk x6  
  141  14:06  Hydralisk  
  141  14:07  Hydralisk x3  
  133  14:25  Hydralisk x6  
  134  14:35  Hydralisk x6  
  144  14:57  Zergling x2  
  144  14:58  Zergling x12  
  151  15:00  Hydralisk  
  153  15:08  Overlord  
  153  15:09  Overlord x4  
  153  15:14  Hatchery  
  152  15:27  Zergling x2  
  152  15:28  Zergling x12  
  153  15:39  Hydralisk x5  
  153  15:40  Hydralisk x2  
  154  16:16  Lurker x4  
  158  16:20  Lurker x2  
  158  16:22  Hydralisk x5  
  158  16:23  Hydralisk x4  
  178  16:27  Overlord x3  
  178  16:33  Drone  
  178  16:36  Extractor  
  178  16:38  Extractor  
  156  17:34  Hydralisk x5  
  156  17:35  Hydralisk x9  
  184  17:40  Overlord  
  184  17:41  Overlord x6  
  178  17:56  Overlord x4  
  178  18:05  Zergling x20  
Show
View Real Time Build Order
Export as new Build Order

Gonadus Terran 

Build Orders:  

Get SALT Encoding   

  12  0:05  SCV  
  13  0:27  SCV  
  14  0:39  SCV  
  15  0:44  Supply Depot  
  15  0:48  Refinery  
  15  1:06  SCV  
  16  1:18  SCV  
  17  1:21  Refinery  
  17  1:30  SCV  
  17  1:32  Supply Depot  
  18  1:34  Barracks  
  18  1:48  Barracks  
  18  1:50  SCV  
  19  1:57  Engineering Bay  
  19  2:05  Barracks  
  19  2:18  SCV  
  20  2:31  SCV  
  20  2:33  Supply Depot  
  21  2:43  SCV  
  22  2:55  SCV  
  23  3:01  Barracks Reactor  
  23  3:03  Barracks Tech Lab  
  23  3:07  SCV  
  24  3:19  Supply Depot  
  24  3:21  Barracks Reactor  
  25  3:27  Reaper  
  25  3:39  Orbital Command  
  25  3:41  Terran Infantry Weapons Level 1  
  25  3:47  Engineering Bay  
  25  3:59  Marine  
  26  4:16  Marine  
  27  4:17  Missile Turret  
  27  4:19  Marine x3  
  27  4:20  Marine  
  31  4:34  Marine  
  31  4:37  Marine x4  
  35  4:52  Marine  
  36  4:55  Marine x4  
  40  5:10  Reaper  
  40  5:12  Marine  
  40  5:13  Marine x3  
  39  5:30  Marine x2  
  39  5:31  Marine x2  
  40  5:42  Marine  
  41  5:48  Marine x3  
  41  5:49  Marine  
  45  6:00  Marine  
  46  6:06  Marine  
  47  6:17  Marine  
  47  6:36  Marine  
  47  6:37  Marine  
  47  6:38  Marine x3  
  41  6:54  Marine, Marauder  
  41  6:55  Marine  
  33  8:29  Terran Infantry Armor Level 1  
  33  8:30  Factory  
  33  8:40  Marine x5  
  38  8:57  Marine  
  38  8:58  Marine x4  
  38  8:59  Missile Turret  
  43  9:15  Marine x2  
  43  9:16  Marine x2  
  47  9:17  Marine  
  39  9:33  Marine x4  
  39  9:35  Marine  
  44  9:43  Factory Tech Lab  
  44  9:49  Hi-Sec Auto Tracking  
  44  9:51  Marine x4  
  48  9:53  Marine  
  48  9:55  Missile Turret  
  43  10:09  Marine x4  
  43  10:11  Marine  
  48  10:15  Command Center  
  48  10:19  Missile Turret  
  48  10:26  Marine  
  48  10:27  Marine x3  
  39  10:29  Marine  
  34  10:44  Marine x2, Siege Tank  
  34  10:45  Marine x2  
  34  10:46  Marine  
  42  11:02  Marine x3  
  42  11:03  Marine  
  46  11:04  Marine  
  47  11:20  Marine x3  
  49  11:59  Marine x2  
  49  12:00  Marine x3  
  54  12:02  Missile Turret  
  44  12:10  Neosteel Frame, Armory  
  30  12:17  Marine x3  
  30  12:18  Marine x2  
  30  12:35  Marine x4  
  31  12:38  Missile Turret  
  31  12:43  Widow Mine  
  33  13:04  Siege Tank  
  25  13:27  Command Center  
  24  13:36  Widow Mine  
  26  13:42  Missile Turret  
  22  13:58  Siege Tank  
  23  14:30  Widow Mine  
Tags
 
Add a new tag
Caveats
  • Supply blocks, unpowered buildings, or Contaminate may cause inaccurate times.
  • Supply counts are checked every 10 seconds.